 Dungeon Crawl Stone Soup version 0.20.0-15-g7f486f2 (webtiles) character file.

38 Inus the Magician (level 3, -1/17 HPs)
             Began as a Deep Elf Wizard on June 17, 2017.
             Slain by a kobold
             ... wielding a +0 dagger
              (3 damage)
             ... on level 2 of the Dungeon.
             The game lasted 00:05:43 (1125 turns).

Inus the Magician (Deep Elf Wizard)                 Turns: 1125, Time: 00:05:43

Health: -1/17      AC:  2    Str:  4    XL:     3   Next: 25%
Magic:  1/11       EV: 13    Int: 23    God:
Gold:   87         SH:  0    Dex: 13    Spells: 0/11 levels left

rFire    . . .     SeeInvis .   h - +0 club
rCold    . . .     Gourm    .   (no shield)
rNeg     . . .     Faith    .   a - +0 robe
rPois    +         Spirit   .   b - +0 hat
rElec    .         Reflect  .   (no cloak)
rCorr    .         Harm     .   (no gloves)
MR       .....                  (no boots)
Stlth    ++........             (no amulet)
Regen    0.1/turn               (no ring)
MPRegen  0.2/turn               (no ring)

@: no status effects
A: frail 1, poison resistance
a: no special abilities


You were on level 2 of the Dungeon.
You were hungry.

You visited 1 branch of the dungeon, and saw 2 of its levels.

You collected 87 gold pieces.

Inventory:

Hand Weapons
 e - a +0 hunting sling
 h - a +0 club (weapon)
Missiles
 f - 69 stones (quivered)
Armour
 a - a +0 robe (worn)
 b - a +0 hat (worn)
 m - a +0 cloak
 p - a cursed +0 robe
Jewellery
 l - a cursed ring of loudness {unknown}
Scrolls
 g - a scroll of random uselessness {unknown}
Books
 c - a book of Minor Magic

   Spells                             Type                      Level
   a - Magic Dart                     Conjuration                  1
   b - Blink                          Translocation                2
   c - Call Imp                       Summoning                    2
   d - Slow                           Hexes                        2
   e - Conjure Flame                  Conjuration/Fire             3
   f - Mephitic Cloud                 Conjuration/Poison/Air       3
Comestibles
 d - 4 bread rations
 k - a royal jelly


   Skills:
 + Level 3.1 Dodging
 + Level 3.2 Stealth
 * Level 4.8 Spellcasting
 + Level 1.9 Conjurations
 - Level 1.1 Summonings
 - Level 1.1 Translocations


You couldn't memorise any spells.
You knew the following spells:

 Your Spells              Type           Power        Failure   Level  Hunger
a - Magic Dart            Conj           ##..         4%          1    None
b - Call Imp              Summ           ##......     10%         2    None
c - Blink                 Tloc           N/A          10%         2    None
d - Conjure Flame         Conj/Fire      ##......     19%         3    ##.....
e - Mephitic Cloud        Conj/Pois/Air  #.......     22%         3    ##.....


Dungeon Overview and Level Annotations

Branches:
Dungeon (2/15)

Altars:
Uskayaw


Innate Abilities, Weirdness & Mutations

You are frail. (-10% HP)
Your system is resistant to poisons. (rPois)


Message History

h - a +0 club (weapon)
The worm bites your iron imp. What are your orders? t - Shout!
Orders for allies: a - Attack new target. p - Attack previous target. r - Retreat! s - Stop attacking. g - Guard the area. f - Follow me.
Anything else - Cancel.
Gang up on whom?
Press: ? - help, Dir - move target cursor, f - kobold, p - worm
Aim: a kobold, wielding a dagger Attack!
The kobold closely misses you.
Casting: Call Imp
Confirm with . or Enter, or press ? or * to list all spells.
Aiming: Magic Dart
Press: ? - help, Shift-Dir - straight line, f/p - kobold
Aim: a kobold, wielding a dagger
Okay, then.
You barely miss the kobold. The kobold hits you with a dagger.
You die...

#.....#.###.###..##
######.#(..## #....
##)....# #..#.
########.....# #....
#............# #....
#.######(....# ###..
#.## #.....#
#..######.####
#..@K.55w.#
#..######## #... #..#
#..# #..# #..#
##..### #..# #.....#
#######..#
#...#.######.........
#......†.......####.#
#..#..######.#.....<#


You could see a worm, a kobold, a friendly iron imp and a friendly white imp.

Vanquished Creatures
  2 leopard geckos (D:1)
  2 giant cockroaches (D:2)
  9 goblins (D:2)
  5 hobgoblins (D:2)
  A jackal (D:2)
  3 kobolds
  A bat (D:1)
  3 frilled lizards
  3 rats
29 creatures vanquished.

Vanquished Creatures (collateral kills)
  A hobgoblin (D:2)
  A kobold (D:2)
2 creatures vanquished.

Grand Total: 31 creatures vanquished

Notes
Turn   | Place    | Note
-------+----------+-------------------------------------------
     0 | D:1      | Inus the Deep Elf Wizard began the quest for the Orb.
     0 | D:1      | Reached XP level 1. HP: 10/10 MP: 7/7
   176 | D:2      | Reached XP level 2. HP: 6/15 MP: 3/9
   183 | D:2      | Learned a level 2 spell: Call Imp
   445 | D:2      | Found a hide-covered altar of Uskayaw.
   833 | D:2      | Gained mutation: You are frail. (-10% HP) [potion of mutation]
   833 | D:2      | Gained mutation: Your system is resistant to poisons. (rPois) [potion of mutation]
   849 | D:2      | Reached XP level 3. HP: 17/17 MP: 1/11
   961 | D:2      | Learned a level 2 spell: Blink
   965 | D:2      | Learned a level 3 spell: Conjure Flame
   969 | D:2      | Learned a level 3 spell: Mephitic Cloud
  1125 | D:2      | Slain by a kobold

Skill      XL: |  1  2  3 |
---------------+----------+-----
Stealth        | 3 |  3.2
Dodging        | 3 |  3.1
Spellcasting   | |  4.8
Conjurations   | |  1.9
Summonings     | |  1.1
Translocations | |  1.1

Action                   || total
-------------------------++-------
Melee: Club              ||    37
 Fire: Hunting sling     ||    13
 Cast: Magic Dart        ||    63
       Call Imp          ||     4
  Use: Potion            ||     3
Armor: Robe              ||     7
       Skin              ||    16
Dodge: Dodged            ||    41
